 Dungeon Crawl Stone Soup version 0.30.1-9-gdf580d7c3d (webtiles) character file.

Game seed: 18269408026452394914

17224 safid the Frost Mage (level 12, 0/103 (105) HPs)
             Began as a Merfolk Ice Elementalist on Sept 29, 2023.
             Was an Elder of Vehumet.
             Slain by a spectral black mamba (1 damage)
             ... in a Gauntlet.
             The game lasted 00:36:07 (13236 turns).

safid the Frost Mage (Merfolk Ice Elementalist)    Turns: 13236, Time: 00:36:08

HP:   0/103 (105)   AC: 16    Str:  6    XL:     12   Next: 45%
MP:   0/33          EV: 16    Int: 18    God:    Vehumet [****..]
Gold: 1096          SH:  0    Dex: 15    Spells: 17/27 levels left

rFire   . . .        L - +4 long sword (drain)
rCold   . . .        (no shield)
rNeg    . . .        y - +0 robe "Eficvov" {+Inv Regen+ Str-3 Slay+5}
rPois   +            (no helmet)
rElec   .            G - +0 cloak {Stlth+}
rCorr   .            l - +0 pair of gloves
SInv    .            E - +2 pair of boots {rampage}
Will    .....        H - amulet of guardian spirit
Stlth   +++          a - ring of poison resistance
HPRegen 1.17/turn    d - ring of magical power
MPRegen 0.23/turn

%: no teleportation, guardian spirit, rampage
@: ice-armoured, freezing walls, slowed, lightly drained, very slow
A: (nimble swimmer 2), mertail
a: Renounce Religion, Evoke Invisibility


You were in a Gauntlet.
You worshipped Vehumet.
Vehumet was greatly pleased with you.
You visited 2 branches of the dungeon, and saw 12 of its levels.
You also visited: Bailey and Gauntlet.

You collected 1135 gold pieces.
You spent 39 gold pieces at shops.

Inventory:

Hand Weapons
 I - a +4 short sword of draining
 L - a +4 long sword of draining (weapon)
Armour
 l - a +0 pair of gloves (worn)
 y - the +0 robe "Eficvov" (worn) {+Inv Regen+ Str-3 Slay+5}
   (You took it off a gnoll bouda on level 5 of the Dungeon)

   Str:       It affects your strength (-3).
   Slay:      It affects your accuracy & damage with ranged weapons and melee
   (+5).
   +Inv:      It lets you turn invisible.
   Regen:     It increases your rate of health regeneration.
 E - a +2 pair of boots of rampaging (worn)
 G - a +0 cloak of stealth (worn)
 K - a +1 pair of boots of flying
Jewellery
 a - a ring of poison resistance (left hand)
 c - a ring of ice
 d - a ring of magical power (right hand)
 r - a ring of wizardry
 w - a ring of willpower
 H - an amulet of guardian spirit (around neck)
Wands
 h - a wand of digging (5)
 p - a wand of flame (15)
 q - a wand of light (4)
 z - a wand of roots (2)
 B - a wand of mindburst (4)
Scrolls
 f - 3 scrolls of magic mapping
 g - 2 scrolls of amnesia
 j - a scroll of blinking {unknown}
 n - a scroll of silence {unknown}
 o - 3 scrolls of fog
 t - 2 scrolls of enchant weapon
 x - 4 scrolls of fear
 C - 2 scrolls of brand weapon
Potions
 b - a potion of magic
 e - 4 potions of curing
 i - a potion of degeneration {unknown}
 k - 6 potions of flight
 m - a potion of resistance {unknown}
 s - 3 potions of might
 u - a potion of mutation {unknown}
 v - a potion of berserk rage {unknown}
 A - a potion of lignification {unknown}
 F - a potion of ambrosia {unknown}
Miscellaneous
 J - a phial of floods


   Skills:
 + Level 13.4 Fighting
 - Level 8.0 Dodging
 - Level 2.1 Stealth
 - Level 8.0 Spellcasting
 + Level 14.0 Ice Magic


You had 17 spell levels left.
You knew the following spells:

 Your Spells              Type           Power      Damage    Failure   Level
a - Freeze                Ice            100%       1d10      1%          1
b - Frozen Ramparts       Ice            100%       1d16      1%          3
c - Ozocubu's Armour      Ice            55%        N/A       1%          3
d - Hailstorm             Conj/Ice       32%        3d8       1%          3

Your spell library contained the following spells:

 Spells                   Type           Power      Damage    Failure   Level
 Inner Flame              Hex/Fire       7%         N/A       8%          3
 Scorch                   Fire           14%        2d6       4%          2
 Ice Form                 Ice/Tmut       32%        N/A       5%          4
 Summon Ice Beast         Ice/Summ       32%        N/A       5%          4
 Metabolic Englaciation   Hex/Ice        16%        N/A       16%         5
 Flame Wave               Conj/Fire      7%         2d5       24%         4
 Call Canine Familiar     Summ           7%         N/A       28%         3
 Portal Projectile        Hex/Tloc       14%        N/A       28%         3
 Leda's Liquefaction      Hex/Erth       3%         N/A       67%         4
 Petrify                  Tmut/Erth      7%         N/A       67%         4
 Statue Form              Tmut/Erth      4%         N/A       100%        6
 Summon Cactus Giant      Summ           3%         N/A       100%        6


Dungeon Overview and Level Annotations

Branches:
Dungeon (10/15)            Temple (0/1) D:6            Lair (2/5) D:10
  Swamp (0/4) Lair:2        Snake (0/4) Lair:2       Bailey (visited)
Gauntlet (1/1)
    Orc: D:9-12

Altars:
Cheibriados
Elyvilon
Kikubaaqudgha
Makhleb
Nemelex Xobeh
Okawaru
Ru
Uskayaw
Vehumet
The Shining One

Shops:
D:1 !

Annotations:
D:2 Sigmund
D:3 3 runed translucent doors, TekDriveTruck's ghost, weakling TrMo
Lair:2 Sonja Gauntlet 11 transporters, 21 runed translucent doors, exclusions: 2 lightning spires and orange crystal statue


Innate Abilities, Weirdness & Mutations

((You are very nimble when in or above water. (Stealth+, EV+, Speed+++)))
Your lower body shifts to a powerful aquatic tail in water.


Message History

The death scarab drains your vigour!
You feel as though you will be slow longer.
The death scarab draws strength from your injuries!
The wall freezes the death scarab.
The death scarab closely misses you.
The wall freezes the death scarab but does no damage.
The wall freezes the death scarab.
The death scarab misses you.
The wall freezes the spectral black mamba but does no damage.
The spectral black mamba bites you.
You feel drained.
The wall freezes the death scarab but does no damage.
The wall freezes the death scarab!
The death scarab bites you!
* * * LOW HITPOINT WARNING * * *
The death scarab drains your vigour!
You feel as though you will be slow longer.
The death scarab draws strength from your injuries!
The spectral black mamba completely resists.
The wall freezes the spectral black mamba but does no damage.
The spectral black mamba bites you but does no damage.
The wall freezes the death scarab.
The death scarab closely misses you.
Unknown command.
Unknown command.
You feel better.
The wall freezes the death scarab. x2
The death scarab bites you but does no damage.
The wall freezes the death scarab.
The death scarab bites you!
* * * LOW HITPOINT WARNING * * *
The death scarab draws strength from your injuries!
The wall freezes the death scarab.
The death scarab bites you but does no damage.
The spectral black mamba completely resists.
The wall freezes the spectral black mamba but does no damage.
The spectral black mamba bites you.
* * * LOW HITPOINT WARNING * * *
The wall freezes the death scarab.
The death scarab bites you!!
* * * LOW HITPOINT WARNING * * *
The death scarab draws strength from your injuries!
The wall freezes the death scarab.
The death scarab bites you but does no damage.
The spectral black mamba resists.
The wall freezes the spectral black mamba.
The spectral black mamba bites you.
You die...

####....≈8§....#######.#######...
.........§...........#.#........#
########...###########.#........#
+..+ZZZ#...##.......##.#..#######
+..+...#...#.#.....#.#.#..#8#
#++##.$#...#[.#...#..#.#..###
+...+..#...#[..#.#...#.#..#
#...+.©#...#©..B#B...#©#..###
+...+.[#...#!..#@#...###..#8#
#++##.}#...#..#..Z#..#....###
+..+...#...#.#.....#.#....#
+..+...#...##.......##..###
########...###########..#8#
...#©#.......#©#........###
...#.#..≈∩≈..#.#.......≈#
####.#########.##########
≈...............≈ #8


You could see a spectral black mamba and 2 death scarabs.

Vanquished Creatures
  A boulder beetle (D:9)
  2 two-headed ogres
  A fire crab (Gauntlet)
  An orc knight (Bailey)
  A bog body (Lair:2)
  Pikel (D:6)
  4 elephants (Lair:2)
  A torpor snail (Lair:1)
  2 rime drakes
  A cane toad (Lair:1)
  A komodo dragon (D:10)
  A polar bear (Lair:2)
  A troll (D:10)
  2 hornets
  Prince Ribbit (D:8)
  A wraith (D:10)
  15 yaks
  A ynoxinul (Gauntlet)
  4 wyverns
  A basilisk (D:10)
  6 fire bats (Gauntlet)
  A steam dragon (D:9)
  4 nagas (Lair:2)
  5 water moccasins
  3 hell hounds (Gauntlet)
  2 black bears
  10 orc warriors
  A sky beast (D:6)
  3 ice beasts
  2 ogres (D:5)
  3 centaurs
  A phantom (D:3)
  A kobold brigand (D:9)
  A scorpion (D:5)
  5 bullfrogs
  A gnoll sergeant (D:9)
  8 wights
  A killer bee (D:10)
  A howler monkey (D:5)
  A jelly (D:7)
  4 hounds
  11 orc priests
  3 iron imps (Gauntlet)
  2 gnoll boudas
  2 sleepcaps
  5 iguanas (D:5)
  9 orc wizards
  6 adders
  15 gnolls
  9 white imps
  3 ufetubi
  3 worms
  2 dart slugs
  27 orcs
  10 ball pythons
  7 bats
  6 endoplasms
  6 giant cockroaches
  12 goblins
  5 hobgoblins
  3 jackals (D:4)
  4 quokkas
  4 frilled lizards
  32 kobolds
  6 rats
299 creatures vanquished.

Vanquished Creatures (others)
  A human (D:9)
1 creature vanquished.

Grand Total: 300 creatures vanquished

Notes
Turn   | Place    | Note
-------+----------+-------------------------------------------
     0 | D:1      | safid the Merfolk Ice Elementalist began the quest for the
                  | Orb.
     0 | D:1      | Reached XP level 1. HP: 13/13 MP: 3/3
   209 | D:1      | Reached XP level 2. HP: 20/20 MP: 5/5
   336 | D:1      | Reached skill level 1 in Fighting
   481 | D:1      | Found Jugaer's Distillery.
   501 | D:1      | Bought a potion of curing for 39 gold pieces
   827 | D:2      | Reached XP level 3. HP: 23/26 MP: 3/6
   831 | D:2      | Learned a level 3 spell: Frozen Ramparts
   980 | D:2      | HP: 1/27 [something (9)]
   982 | D:2      | Reached skill level 5 in Ice Magic
   982 | D:2      | Reached XP level 4. HP: 10/33 MP: 3/8
  1113 | D:2      | Learned a level 3 spell: Ozocubu's Armour
  1196 | D:2      | Noticed Sigmund
  1366 | D:2      | Found a faded altar of an unknown god.
  1588 | D:3      | Found a runed translucent gate.
  1588 | D:3      | Found a runed translucent gate.
  1588 | D:3      | Found a runed translucent gate.
  1589 | D:3      | Noticed TekDriveTruck's ghost (weakling TrMo)
  1589 | D:3      | Noticed a kobold brigand
  1815 | D:3      | Reached XP level 5. HP: 39/39 MP: 9/9
  1816 | D:3      | Found a burning altar of Makhleb.
  2498 | D:4      | Noticed a phantom
  2500 | D:4      | Noticed a black bear
  2544 | D:3      | Killed a phantom
  2545 | D:3      | Reached XP level 6. HP: 31/47 MP: 9/11
  2615 | D:4      | Killed a black bear
  2616 | D:4      | Reached skill level 6 in Ice Magic
  3148 | D:4      | Found a glowing golden altar of the Shining One.
  3253 | D:4      | Found a sparkling altar of Nemelex Xobeh.
  3253 | D:4      | Found a transporter.
  3253 | D:4      | Noticed a yak
  3272 | D:4      | Killed a yak
  3273 | D:4      | Reached XP level 7. HP: 25/55 MP: 13/13
  3701 | D:5      | Entered Level 5 of the Dungeon
  4034 | D:5      | Reached skill level 5 in Fighting
  4034 | D:5      | Reached XP level 8. HP: 62/62 MP: 15/15
  4159 | D:5      | Found a snail-covered altar of Cheibriados.
  4172 | D:5      | Identified the +0 robe "Eficvov" {+Inv Regen+ Str-3 Slay+5}
  4197 | D:5      | Reached skill level 7 in Ice Magic
  4427 | D:5      | Reached skill level 5 in Dodging
  4427 | D:5      | Reached skill level 5 in Spellcasting
  4824 | D:5      | Found a radiant altar of Vehumet.
  5012 | D:5      | Became a worshipper of Vehumet
  5293 | D:6      | Noticed Pikel
  5303 | D:6      | Killed Pikel
  5304 | D:6      | Reached skill level 8 in Ice Magic
  5304 | D:6      | Reached XP level 9. HP: 66/71 MP: 17/17
  5391 | D:6      | Found a white marble altar of Elyvilon.
  5395 | D:6      | Found a sacrificial altar of Ru.
  5482 | D:6      | Found a staircase to the Ecumenical Temple.
  6072 | D:7      | Found an iron altar of Okawaru.
  6533 | D:7      | Reached * piety under Vehumet
  6533 | D:7      | Offered knowledge of Magic Dart by Vehumet.
  7082 | D:8      | Noticed a hornet
  7090 | D:8      | Killed a hornet
  7202 | D:8      | Reached skill level 9 in Ice Magic
  7207 | D:8      | Reached XP level 10. HP: 50/80 MP: 20/20
  7405 | D:8      | Noticed a two-headed ogre
  7414 | D:8      | Killed a two-headed ogre
  7442 | D:8      | Identified the +0 leather armour of Hide-and-Seek {Str+6}
  7613 | D:8      | Noticed Prince Ribbit
  7618 | D:8      | Killed Prince Ribbit
  8454 | D:9      | Noticed a boulder beetle
  8522 | D:9      | Killed a boulder beetle
  8523 | D:9      | Reached skill level 10 in Ice Magic
  8778 | D:9      | Found a hide-covered altar of Uskayaw.
  8797 | D:9      | Found an ancient bone altar of Kikubaaqudgha.
  9201 | D:9      | Reached ** piety under Vehumet
  9514 | D:10     | Entered Level 10 of the Dungeon
  9514 | D:10     | Noticed a skeletal warrior
  9514 | D:10     | Noticed a skeletal warrior
  9514 | D:10     | Noticed a skeletal warrior
  9624 | D:10     | Found a flagged portal.
  9626 | D:10     | Offered knowledge of Poisonous Vapours by Vehumet.
  9634 | Bailey   | Entered a bailey
  9641 | Bailey   | Noticed an orc knight
  9857 | Bailey   | Offered knowledge of Hailstorm by Vehumet.
  9872 | Bailey   | Learned a level 3 spell: Hailstorm
  9907 | Bailey   | Killed an orc knight
  9908 | Bailey   | Reached skill level 10 in Fighting
  9908 | Bailey   | Reached skill level 11 in Ice Magic
  9908 | Bailey   | Reached XP level 11. HP: 45/90 MP: 13/23
 10264 | D:10     | Noticed a two-headed ogre
 10269 | D:10     | Killed a two-headed ogre
 10269 | D:10     | Reached *** piety under Vehumet
 10506 | D:10     | Found a staircase to the Lair.
 10942 | D:10     | Reached skill level 12 in Ice Magic
 11183 | Lair:1   | Entered Level 1 of the Lair of Beasts
 11518 | Lair:1   | Offered knowledge of Inner Flame by Vehumet.
 12204 | Lair:2   | Reached skill level 13 in Ice Magic
 12308 | Lair:2   | Found a staircase to the Snake Pit.
 12322 | Lair:2   | Reached XP level 12. HP: 83/103 MP: 23/24
 12323 | Lair:2   | Noticed Sonja
 12339 | Lair:2   | Found a staircase to the Swamp.
 12388 | Lair:2   | Found a gate leading to a gauntlet.
 12397 | Gauntlet | Entered a Gauntlet
 12397 | Gauntlet | Found a transporter.
 12397 | Gauntlet | Found a transporter.
 12444 | Gauntlet | Noticed a catoblepas
 12445 | Gauntlet | Found a transporter.
 12455 | Gauntlet | Found a transporter.
 12476 | Gauntlet | Found a transporter.
 12480 | Gauntlet | Found a large runed translucent door.
 12481 | Gauntlet | Found a large runed translucent door.
 12482 | Gauntlet | Noticed a death scarab
 12483 | Gauntlet | Found a runed translucent gate.
 12484 | Gauntlet | Found a transporter.
 12484 | Gauntlet | Found a transporter.
 12484 | Gauntlet | Found a runed translucent gate.
 12485 | Gauntlet | Found the +1 cloak of Starlight {*Dazzle EV+4 Stlth--}
 12488 | Gauntlet | Found a transporter.
 12488 | Gauntlet | Noticed a death scarab
 12492 | Gauntlet | Found a runed translucent gate.
 12494 | Gauntlet | Found a large runed translucent door.
 12495 | Gauntlet | Found a large runed translucent door.
 12506 | Gauntlet | Found a large runed translucent door.
 12507 | Gauntlet | Found a large runed translucent door.
 12507 | Gauntlet | Found a large runed translucent door.
 12507 | Gauntlet | Found a large runed translucent door.
 12515 | Gauntlet | Found a transporter.
 12518 | Gauntlet | Found a large runed translucent door.
 12518 | Gauntlet | Found a large runed translucent door.
 12518 | Gauntlet | Found a runed translucent door.
 12518 | Gauntlet | Found a runed translucent door.
 12519 | Gauntlet | Found a large runed translucent door.
 12520 | Gauntlet | Found a large runed translucent door.
 12522 | Gauntlet | Found a transporter.
 12531 | Gauntlet | Found a transporter.
 12562 | Gauntlet | Found a transporter.
 12577 | Gauntlet | Found a transporter.
 12591 | Gauntlet | Found a transporter.
 12607 | Gauntlet | Found a large runed translucent door.
 12607 | Gauntlet | Found a large runed translucent door.
 12608 | Gauntlet | Found a large runed translucent door.
 12609 | Gauntlet | Found a large runed translucent door.
 12694 | Gauntlet | Found a transporter.
 12710 | Gauntlet | Found a transporter.
 13077 | Gauntlet | Reached skill level 14 in Ice Magic
 13078 | Gauntlet | Reached **** piety under Vehumet
 13236 | Gauntlet | HP: 1/103 [death scarab (21)]
 13236 | Gauntlet | Slain by a spectral black mamba

Illustrated notes

Levels and vault maps discovered:
D:1:      lemuel_arrival_broad_hall, layout_loops_ring, serial_shops, shop
D:2:      layout_rooms, shapermc_ecumenical_altar_mp_urbaneastern, uniq_sigmund
D:3:      minmay_octagon_keep, layout_rooms, bloody_makhleb,
          gammafunk_ghost_nasty_kobolds, minmay_misc_feat_room,
          serial_bayou_pond_b
D:4:      layout_cave_pools, grunt_nemelex_the_gamble,
          nicolae_tso_swordbearing_angel, grunt_ministairs_6
D:5:      layout_loops_ring, mainiacjoe_overflow_swirl, corexii_checkpoint_a
D:6:      layout_basic, nicolae_overflow_hidden_temple,
          minmay_temple_entry_ruins, uniq_pikel
D:7:      layout_basic, old_standard_altar
D:8:      layout_basic, uniq_prince_ribbit1
D:9:      layout_gridville, mainiacjoe_overflow_concentric_impassable,
          tgw_kikubaaqudgha
D:10:     layout_long_grid, minmay_lair_entry_grove, enter_bailey_4
Lair:1:   layout_regular_city, dreamdust_gnoll_shepherd
Lair:2:   layout_regular_city, skrybe_swamp_entry_bodies,
          minmay_snake_entry_guardpost_small, gauntlet_entry_generic,
          minivault_19, small_statue_intersection, grunt_megastairs_3,
          uniq_harold, uniq_sonja
Gauntlet: gammafunk_gauntlet_branching [nicolae_gauntlet_arena_flowing_pool,
          gammafunk_gauntlet_arena_spirals, gammafunk_gauntlet_arena_corners,
          gammafunk_gauntlet_arena_teeth, gammafunk_gauntlet_arena_mazey,
          nicolae_gauntlet_arena_quarters, nicolae_gauntlet_arena_x,
          minmay_gauntlet_arena_make_your_own_arena, gauntlet_exit_green]

Skill      XL: |  1  2  3  4  5  6  7  8  9 10 11 12 |
---------------+-------------------------------------+-----
Fighting       | 1 2 3 4 5 6 7 10 12 13 | 13.4
Ice Magic      | 5 6 8 9 11 13 14 | 14.0
Spellcasting   | 3 4 5 6 8 |  8.0
Dodging        | 3 4 6 8 |  8.0
Stealth        | |  2.1

Action                     |  1- 3 |  4- 6 |  7- 9 | 10-12 || total
---------------------------+-------+-------+-------+-------++-------
  Melee: Short sword       |    44 |   160 |       |   237 ||   441
         Punch             |     1 |     1 |     7 |     2 ||    11
         Hand axe          |       |    14 |    94 |       ||   108
         Whip              |       |       |   104 |       ||   104
         Long sword        |       |       |     5 |    18 ||    23
   Cast: Freeze            |     8 |    16 |     5 |    15 ||    44
         Frozen Ramparts   |     1 |    11 |    36 |    55 ||   103
         Ozocubu's Armour  |       |     7 |    28 |    43 ||    78
         Hailstorm         |       |       |       |    14 ||    14
  Evoke: Wand              |       |       |       |     1 ||     1
    Use: Potion            |     1 |     3 |     2 |     2 ||     8
         Scroll            |       |       |     5 |    13 ||    18
   Stab: Sleeping          |     2 |     4 |     1 |     1 ||     8
 Armour: Robe              |     7 |    74 |    76 |   114 ||   271
  Dodge: Dodged            |    37 |   136 |   153 |   347 ||   673
